 Dungeon Crawl Stone Soup version 0.18.1-6-gd335043 (webtiles) character file.

41 Mefis the Magician (level 3, 15/19 HPs)
             Began as a Deep Elf Wizard on May 17, 2016.
             Quit the game on level 1 of the Dungeon.
             The game lasted 00:02:16 (903 turns).

Mefis the Magician (Deep Elf Wizard)                 Turns: 903, Time: 00:02:17

Health: 15/19      AC:  2    Str:  4    XL:     3   Next: 32%
Magic:  6/11       EV: 13    Int: 23    God:
Gold:   38         SH:  0    Dex: 13    Spells: 5 memorised, 2 levels left

rFire  . . .     SeeInvis .     j - +2 short sword (venom)
rCold  . . .     Gourm    .     a - +0 robe
rNeg   . . .     Faith    .     (no shield)
rPois  .         Spirit   .     b - +0 hat
rElec  .         Dismiss  .     (no cloak)
rCorr  .         Reflect  .     (no gloves)
SustAt .         Harm     .     (no boots)
MR     .....                    (no amulet)
Stlth  ++........               (no ring)
                                (no ring)

@: not resistant to hostile enchantments, unstealthy
A: no striking features
a: no special abilities


You were on level 1 of the Dungeon.
You were not hungry.

You visited 1 branch of the dungeon, and saw 1 of its levels.

You collected 38 gold pieces.

Inventory:

Hand Weapons
 f - a +1 dagger of venom
 j - a +2 short sword of venom (weapon)
 n - a cursed -2 short sword
Armour
 a - a +0 robe (worn)
 b - a +0 hat (worn)
Scrolls
 e - a scroll of remove curse {unknown}
 h - a scroll of identify {unknown}
 i - a scroll of teleportation {unknown}
 m - a scroll of recharging {unknown}
Potions
 g - a potion of haste {unknown}
 k - a potion of heal wounds {unknown}
 l - a potion of curing {unknown}
Books
 c - a book of Minor Magic

   Spells                             Type                      Level
   a - Magic Dart                     Conjuration                  1
   b - Blink                          Translocation                2
   c - Call Imp                       Summoning                    2
   d - Repel Missiles                 Charms/Air                   2
   e - Slow                           Hexes                        2
   f - Conjure Flame                  Conjuration/Fire             3
   g - Mephitic Cloud                 Conjuration/Poison/Air       3
Comestibles
 d - 2 bread rations
 o - a slice of pizza
 p - a beef jerky


   Skills:
 + Level 3.0 Dodging
 + Level 2.7 Stealth
 + Level 4.9 Spellcasting
 * Level 2.1 Conjurations
 + Level 1.4 Summonings
 - Level 1.1 Translocations


You had 2 spell levels left.
You knew the following spells:

 Your Spells              Type           Power        Failure   Level  Hunger
a - Magic Dart            Conj           ###.         4%          1    None
b - Call Imp              Summ           ##......     10%         2    None
c - Repel Missiles        Chrm/Air       #.....       17%         2    None
d - Blink                 Tloc           N/A          12%         2    None
e - Slow                  Hex            #.......     17%         2    None


Dungeon Overview and Level Annotations

Branches:
Dungeon (1/15)

Altars:


Message History

Aiming: Magic Dart
Press: ? - help, Shift-Dir - straight line, f/p - dart slug
Aim: a dart slug (almost dead)
The magic dart hits the dart slug.
You kill the dart slug!
Casting: Magic Dart
Confirm with . or Enter, or press ? or * to list all spells.
You can't see any susceptible monsters within range! (Use Z to cast anyway.) Unknown command.
Casting: Magic Dart
Confirm with . or Enter, or press ? or * to list all spells.
You blink.
Memorise Slow, consuming 2 spell levels and leaving 2?
You start memorising the spell.
You continue memorising. x2
You finish memorising.
Spell assigned to 'e'.
Adjust (i)tems, (s)pells, or (a)bilities?
Adjust which spell?
Okay, then.
Okay, then.
Are you sure you want to abandon this character and quit the game? (Confirm with "yes".)

#######......####...).....#.###..
#.....#......# #.........#.# ###
#.###.#......# #.........#.#
#.###(#......# #.........#)#
#.#...#......####.........#.#
.รท....(...........[####...#.#
..#)############....# #...#.#
#.#.####### #....###...#.##
#.......).# #@...#...^....#
..........# #....#........#
..........# #....#.....((.#
......##### ###....#........#
......# #................#
..#.### #.####...........# ###.#
#.# ##.######.#.# #.#.# #.# #.##
#.#.# #.#.# ###'#####..# #.#.#


There were no monsters in sight!

Vanquished Creatures
  An ooze (D:1)
  A dart slug (D:1)
  2 giant geckos (D:1)
  A ball python (D:1)
  6 bats (D:1)
  2 giant cockroaches (D:1)
  3 goblins (D:1)
  4 hobgoblins (D:1)
  7 kobolds (D:1)
  A giant newt (D:1)
  A rat (D:1)
29 creatures vanquished.

Notes
Turn   | Place    | Note
--------------------------------------------------------------
     0 | D:1      | Mefis the Deep Elf Wizard began the quest for the Orb.
     0 | D:1      | Reached XP level 1. HP: 10/10 MP: 7/7
   181 | D:1      | Reached XP level 2. HP: 15/15 MP: 6/9
   187 | D:1      | Learned a level 2 spell: Call Imp
   190 | D:1      | Learned a level 2 spell: Repel Missiles
   193 | D:1      | Learned a level 2 spell: Blink
   659 | D:1      | Reached XP level 3. HP: 19/19 MP: 1/11
   903 | D:1      | Learned a level 2 spell: Slow
   903 | D:1      | Quit the game

Skill      XL: |  1  2 |
---------------+-------+-----
Dodging        | 3 |  3.0
Conjurations   | 2 |  2.1
Stealth        | |  2.7
Spellcasting   | |  4.9
Summonings     | |  1.4
Translocations | |  1.1

Action                   || total
-------------------------++-------
Melee: Short sword       ||     3
 Cast: Magic Dart        ||    60
       Blink             ||     1
Armor: Robe              ||     1
Dodge: Dodged            ||     4
